 Dungeon Crawl Stone Soup version 0.28-a0-1415-g7c84da036a (webtiles) character file.

Game seed: 8412916300094966370

100 Shayle the Ducker (level 4, -2/44 HPs)
             Began as an Ogre Warper on Jan 7, 2022.
             Killed from afar by an orc wizard (7 damage)
             ... with a puff of flame
             ... on level 3 of the Dungeon.
             The game lasted 00:09:39 (2838 turns).

Shayle the Ducker (Ogre Warper)                     Turns: 2838, Time: 00:09:39

Health: -2/44      AC:  5    Str: 15    XL:     4   Next: 74%
Magic:  0/7        EV: 10    Int: 14    God:
Gold:   135        SH:  0    Dex: 10    Spells: 7/7 levels left

rFire   . . .      SeeInvis .   m - +0 dagger (venom)
rCold   . . .      Faith    .   (no shield)
rNeg    . . .      Spirit   +   a - +1 robe
rPois   .          Reflect  .   (helmet restricted)
rElec   .          Harm     .   d - +0 cloak
rCorr   .          Rampage  .   (gloves unavailable)
Will    .....                   (boots unavailable)
Stlth   +.........              k - amulet of guardian spirit
HPRegen 0.14/turn               (no ring)
MPRegen 0.10/turn               (no ring)

@: confused, flying
A: large, unfitting armour, tough skin 1
a: no special abilities


You were on level 3 of the Dungeon.
You visited 1 branch of the dungeon, and saw 3 of its levels.

You collected 135 gold pieces.

Inventory:

Hand Weapons
 m - a +0 dagger of venom (weapon)
Missiles
 c - 3 boomerangs of dispersal (quivered)
 n - 2 boomerangs
Armour
 a - a +1 robe (worn)
 d - a +0 cloak (worn)
Jewellery
 k - an amulet of guardian spirit (around neck)
Wands
 j - a wand of digging (5)
Scrolls
 b - a scroll of blinking
 h - a scroll of enchant armour
Potions
 e - 2 potions of degeneration
 f - a potion of attraction
 l - 2 potions of might


   Skills:
 - Level 2.6 Fighting
 - Level 1.0 Throwing
 + Level 3.5 Dodging
 + Level 3.3 Unarmed Combat
 - Level 2.4 Spellcasting
 - Level 2.6 Translocations


You had 7 spell levels left.
You didn't know any spells.
Your spell library contained the following spells:

 Spells                   Type           Power      Damage    Failure   Level
 Blink                    Tloc           18%        N/A       12%         2
 Gell's Gravitas          Tloc           9%         N/A       22%         3
 Lesser Beckoning         Tloc           9%         N/A       22%         3
 Teleport Other           Tloc           9%         N/A       22%         3
 Manifold Assault         Tloc           9%         N/A       91%         5


Dungeon Overview and Level Annotations

Branches:
Dungeon (3/15)

Altars:
Gozag


Innate Abilities, Weirdness & Mutations

You are too large for most types of armour.
You have tough skin. (AC +1)


Message History

The orc wizard casts a spell.
The orc wizard flickers and vanishes!
Deactivating autopickup; reactivate with Ctrl-A.
There is an open door here.
You hit something.
You feel sick.
You are no longer poisoned.
You hear some strange, mumbled words.
A puff of flame appears from out of thin air!
The puff of flame hits you!
* * * LOW HITPOINT WARNING * * *
You hit something. Something hits you.
* * * LOW HITPOINT WARNING * * *
You feel better.
You hear some strange, mumbled words.
A puff of flame appears from out of thin air!
The puff of flame hits you!
* * * LOW HITPOINT WARNING * * *
You hit something. Something completely misses you.
You miss something. Something hits you but does no damage.
You miss something. Something hits you.
* * * LOW HITPOINT WARNING * * *
You miss something. Your punch misses something.
You hear some strange, mumbled words.
A puff of flame appears from out of thin air!
The puff of flame hits you!
* * * LOW HITPOINT WARNING * * *
It was a potion of flight.
You feel very buoyant.
You fly up into the air.
The goblin shouts!
Something hits you but does no damage.
The goblin throws a stone.
The stone hits you but does no damage.
Blink to where?
Press: ? - help, Dir - move target
As you read the scroll of blinking, it crumbles to dust.
You are confused.
You bump into the rock wall.
A puff of flame appears from out of thin air!
The puff of flame hits you!
You die...

........# #######
....>...# #...{.#
....########.###.#
....'{.........#.#
....########.#.#.#
.............#.#.#
........######.#.#
##..o..........#.#
#.......#######@#
##.......# #.#
.........### #.#
.≈≈≈≈≈≈....# #.#
.≈≈≈≈≈≈....# #÷#
.≈≈⌠_≈≈....# #)#
.≈≈.>≈≈....# #.#
.≈≈≈≈≈≈....# #.#
.≈≈≈≈≈≈....# #.#


There were no monsters in sight!

Vanquished Creatures
  An orc wizard (D:3)
  A gnoll (D:1)
  2 adders
  A dart slug (D:1)
  2 orcs (D:3)
  4 ball pythons
  2 bats (D:1)
  6 endoplasms
  2 giant cockroaches
  5 goblins
  A hobgoblin (D:2)
  3 quokkas
  2 frilled lizards (D:1)
  8 kobolds
  3 rats
43 creatures vanquished.

Vanquished Creatures (others)
  A kobold (D:2)
  7 toadstools (D:3)
8 creatures vanquished.

Grand Total: 51 creatures vanquished

Notes
Turn   | Place    | Note
-------+----------+-------------------------------------------
     0 | D:1      | Shayle the Ogre Warper began the quest for the Orb.
     0 | D:1      | Reached XP level 1. HP: 22/22 MP: 3/3
    73 | D:1      | Reached XP level 2. HP: 11/29 MP: 5/5
   682 | D:1      | Reached XP level 3. HP: 9/36 MP: 6/6
  1688 | D:2      | Found a faded altar of an unknown god.
  2160 | D:2      | Reached XP level 4. HP: 31/44 MP: 5/7
  2375 | D:3      | Found an opulent altar of Gozag.
  2838 | D:3      | Killed from afar by an orc wizard

Illustrated notes

Levels and vault maps discovered:
D:1:      dpeg_arrival_shrine, layout_rooms
D:2:      layout_rooms, chequers_ecumenical_altar_island
D:3:      cheibrodos_fertilizer, layout_basic, general_overflow_altar,
          chequers_garden, uniq_terence

Skill      XL: |  1  2  3  4 |
---------------+-------------+-----
Unarmed Combat | 2 3 |  3.3
Dodging        | 3 |  3.5
Fighting       | |  2.6
Throwing       | |  1.0
Spellcasting   | |  2.4
Translocations | |  2.6

Action                   |  1- 3 |  4- 6 || total
-------------------------+-------+-------++-------
Melee: Unarmed           |   194 |    18 ||   212
       Punch             |     5 |       ||     5
       Dagger            |       |    29 ||    29
Throw: Boomerang         |     2 |       ||     2
  Use: Scroll            |     1 |     8 ||     9
       Potion            |       |     3 ||     3
 Stab: Sleeping          |     1 |       ||     1
Armor: Robe              |    59 |    21 ||    80
Dodge: Dodged            |   103 |    13 ||   116

Table legend: (Time is in decaauts)
 A = Elapsed time spent in this place.
 B = Non-inter-level travel time spent in this place.
 C = Inter-level travel time spent in this place.
 D = Time resting spent in this place.
 E = Time spent auto-exploring this place.
 F = Levels seen in this place.
 G = Mean time per level.
                   A        B        C        D        E       F      G
               +--------+--------+--------+--------+--------+-----+--------+
         Total |   2836 |   2812 |     24 |   1173 |    904 |   3 |  945.3 |
       Dungeon |   2836 |   2812 |     24 |   1173 |    904 |   3 |  945.3 |
               +--------+--------+--------+--------+--------+-----+--------+

Top non-repeatable levels by time:
     D:2: 1120 daAuts
     D:1: 1091 daAuts
     D:3: 624 daAuts
